 Dungeon Crawl Stone Soup version 0.25-a0-822-g6581751b11 (webtiles) character file.

Game seed: 8715310200847580285, levelgen mode: deterministic

25 Tyrantos the Grave Robber (level 2, 0/19 HPs)
             Began as a Demonspawn Necromancer on Apr 20, 2020.
             Slain by a hobgoblin
             ... wielding a +0 club
              (2 damage)
             ... on level 1 of the Dungeon.
             The game lasted 00:17:36 (1303 turns).

Tyrantos the Grave Robber (Demonspawn Necromancer)  Turns: 1303, Time: 00:17:37

Health: 0/19       AC:  2    Str:  8    XL:     2   Next: 86%
Magic:  0/5        EV: 11    Int: 16    God:
Gold:   29         SH:  5    Dex: 13    Spells: 3/5 levels left

rFire    . . .     SeeInvis .   e - +0 dagger
rCold    . . .     Gourm    .   i - +2 buckler
rNeg     . . .     Faith    .   a - +0 robe
rPois    .         Spirit   .   (no helmet)
rElec    .         Reflect  .   (no cloak)
rCorr    .         Harm     .   (no gloves)
MR       .....                  (no boots)
Stlth    +++.......             (no amulet)
HPRegen  0.06/turn              (no ring)
MPRegen  0.09/turn              (no ring)

@: no status effects
A: nightstalker 1
a: no special abilities


You were on level 1 of the Dungeon.
You were not hungry.

You visited 1 branch of the dungeon, and saw 1 of its levels.

You collected 29 gold pieces.

Inventory:

Hand Weapons
 e - a +0 dagger (weapon)
 g - a +0 whip
 h - a +0 club
 l - a +0 dagger
 m - a +0 club
Armour
 a - a +0 robe (worn)
 i - a +2 buckler (worn)
Scrolls
 c - a scroll of magic mapping {unknown}
 f - a scroll of fog {unknown}
 j - a scroll of teleportation {unknown}
Potions
 b - a potion of curing {unknown}
 d - a potion of magic {unknown}
 k - a potion of berserk rage {unknown}


   Skills:
 + Level 0.1 Short Blades
 * Level 1.9 Dodging
 + Level 2.0 Stealth
 + Level 2.1 Spellcasting
 + Level 5.1 Necromancy


You had 3 spell levels left.
You knew the following spells:

 Your Spells              Type           Power        Failure   Level  Hunger
a - Pain                  Necr           ###.         4%          1    #......
b - Animate Skeleton      Necr           N/A          4%          1    #......

Your spell library contained the following spells:

 Spells                   Type           Power        Failure   Level  Hunger
 Vampiric Draining        Necr           ###.......   12%         3    ###....
 Animate Dead             Necr           N/A          38%         4    #####..
 Agony                    Necr           ###.....     75%         5    ######.


Dungeon Overview and Level Annotations

Branches:
Dungeon (1/15)

Altars:


Innate Abilities, Weirdness & Mutations

You are slightly more attuned to the shadows.


Message History

Press: ? - help, Shift-Dir - straight line, f/p - ooze
Aim: an ooze (heavily wounded, chance to defeat MR: 76%)
The ooze writhes in agony.
You kill the ooze!
Casting: Pain (safe; 4% risk of failure)
Confirm with . or Enter, or press ? or * to list all spells.
Aiming: Pain (safe; 4% risk of failure)
Press: ? - help, Shift-Dir - straight line, f - goblin
Aim: a goblin, wielding a +0 club (chance to defeat MR: 89%)
The goblin barely resists.
The goblin barely misses you.
You hit the goblin.
You kill the goblin!
Your Stealth skill increases to level 2!
Casting: Pain (safe; 4% risk of failure)
Confirm with . or Enter, or press ? or * to list all spells.
Aiming: Pain (safe; 4% risk of failure)
Press: ? - help, Shift-Dir - straight line, f - hobgoblin
Aim: a hobgoblin, wielding a +0 club (chance to defeat MR: 89%)
The hobgoblin writhes in agony.
The hobgoblin hits you with a +0 club.
You die...

############# ..... ....
.... ... ... .. # ..#.# # .
.g.#.##.
#####################.......
.†..............@g.('.......
#####################)......
#....... #....... ########


You could see a hobgoblin.

Vanquished Creatures
  An ooze (D:1)
  2 dart slugs (D:1)
  A bat (D:1)
  A giant cockroach (D:1)
  2 goblins (D:1)
  4 hobgoblins (D:1)
  2 kobolds (D:1)
  2 rats (D:1)
15 creatures vanquished.

Notes
Turn   | Place    | Note
-------+----------+-------------------------------------------
     0 | D:1      | Tyrantos the Demonspawn Necromancer began the quest for the
                  | Orb.
     0 | D:1      | Reached XP level 1. HP: 13/13 MP: 3/3
   188 | D:1      | Gained mutation: You are slightly more attuned to the
                  | shadows. [demonic ancestry]
   188 | D:1      | Reached XP level 2. HP: 8/19 MP: 3/5
   921 | D:1      | Learned a level 1 spell: Animate Skeleton
  1086 | D:1      | Reached skill level 5 in Necromancy
  1303 | D:1      | Slain by a hobgoblin

Levels and vault maps discovered:
D:1:      dpeg_arrival_another_circle, layout_basic

Skill      XL: |  1  2 |
---------------+-------+-----
Necromancy     | 5 |  5.1
Stealth        | 2 |  2.0
Short Blades   | |  0.1
Dodging        | |  1.9
Spellcasting   | |  2.1

Action                   || total
-------------------------++-------
Melee: Dagger            ||    47
       Unarmed           ||     2
 Cast: Pain              ||    17
  Use: Potion            ||     1
 Stab: Sleeping          ||     3
  Eat: Ration            ||     1
Armor: Robe              ||    15
Dodge: Dodged            ||    37
Block: Buckler           ||     7

Table legend:
 A = Non-vault XP
 B = Vault XP
 C = Vault XP percentage of total XP
 D = Non-vault monster count
 E = Vault monster count
 F = Vault count percentage of total count
                 A         B        C        D         E       F
            +---------+---------+-------+---------+---------+-------
      Total |      37 |       0 |   0.0 |      15 |       0 |   0.0
            +---------+---------+-------+---------+---------+-------
        D:1 |      37 |       0 |   0.0 |      15 |       0 |   0.0
            +---------+---------+-------+---------+---------+-------
